 Seeded DCSS version 0.27.0-1-g7a08968 (webtiles) character file.

Game seed: 20220108 (custom seed)

1946 Ayyar the Cudgeller (level 9, -1/50 HPs)
             Began as a Gargoyle Fighter on Jan 7, 2022.
             Was a Believer of Hepliaklqana.
             Killed by divine providence
             ... invoked by an orc priest
              (8 damage)
             ... on level 6 of the Dungeon.
             The game lasted 00:18:56 (6715 turns).

Ayyar the Cudgeller (Gargoyle Fighter)              Turns: 6715, Time: 00:18:57

Health: -1/50      AC: 18    Str: 23    XL:     9   Next: 18%
Magic:  9/9        EV:  6    Int:  9    God:    Hepliaklqana [**....]
Gold:   320        SH: 10    Dex:  9    Spells: 8/8 levels left

rFire    . . .     SeeInvis .   y - +0 whip (elec)
rCold    . . .     Faith    .   c - +0 kite shield
rNeg     + . .     Spirit   .   q - +0 chain mail
rPois    ∞         Reflect  .   (no helmet)
rElec    +         Harm     .   (no cloak)
rCorr    .         Rampage  .   (no gloves)
Will     .....                  f - +0 pair of boots
Stlth    ..........             (no amulet)
HPRegen  0.16/turn              (no ring)
MPRegen  0.11/turn              (no ring)

@: no status effects
A: reduced essence, sickness immunity, AC +6, negative energy resistance 1,
electricity resistance, torment resistance 1, petrification resistance
a: Renounce Religion, Ancestor Life: Knight, Ancestor Life: Battlemage, Ancestor
Life: Hexer, Recall Ancestor, Ancestor Identity


You were on level 6 of the Dungeon.
You worshipped Hepliaklqana.
Hepliaklqana was pleased with you.
You visited 1 branch of the dungeon, and saw 6 of its levels.

You collected 320 gold pieces.

Inventory:

Hand Weapons
 a - a +0 flail
 u - a +0 morningstar
 y - a +0 whip of electrocution (weapon)
Missiles
 l - 6 curare-tipped darts
 n - 2 poisoned darts (quivered)
Armour
 c - a +0 kite shield (worn)
 f - a +0 pair of boots (worn)
 q - a +0 chain mail (worn)
Jewellery
 k - a ring of magical power
Wands
 b - a wand of charming (7)
 x - a wand of flame (33)
Scrolls
 e - 2 scrolls of vulnerability {unknown}
 g - 3 scrolls of noise {unknown}
 j - 6 scrolls of identify {unknown}
 p - a scroll of immolation {unknown}
 s - a scroll of magic mapping {unknown}
 t - 2 scrolls of silence {unknown}
 v - a scroll of enchant armour {unknown}
Potions
 d - a potion of might
 h - a potion of mutation {unknown}
 i - a potion of magic {unknown}
 m - a potion of invisibility
 o - 2 potions of curing {unknown}
 r - a potion of heal wounds {unknown}
 w - a potion of flight


   Skills:
 + Level 6.5 Fighting
 * Level 6.6 Maces & Flails
 + Level 3.8 Throwing
 + Level 6.4 Armour
 + Level 6.3 Shields


You had 8 spell levels left.
You didn't know any spells.
Your spell library contained the following spells:

 Spells                   Type           Power      Damage    Failure   Level
 Corpse Rot               Necr/Air       N/A        N/A       100%        2
 Ensorcelled Hibernation  Hex/Ice        0%         N/A       100%        2
 Poisonous Vapours        Pois/Air       0%         N/A       100%        2
 Spider Form              Tmut/Pois      0%         N/A       100%        3
 Freezing Cloud           Conj/Ice/Air   0%         6-21      100%        5
 Shadow Creatures         Summ           N/A        N/A       100%        6


Dungeon Overview and Level Annotations

Branches:
Dungeon (6/15)             Temple (0/1) D:4

Altars:
Hepliaklqana
Kikubaaqudgha
Okawaru
Ru
Uskayaw
Wu Jian


Innate Abilities, Weirdness & Mutations

Your life essence is reduced to manifest your ancestor. (-10% HP)
You are immune to sickness and miasma.
Your stone body is resilient. (AC +6)
You are immune to poison.
You resist negative energy. (rN+)
You are resistant to electric shocks. (rElec)
You are resistant to unholy torment.
You are immune to petrification.


Message History

The jelly hits you but does no damage.
You hit the jelly. Lightning courses through the jelly!
You kill the jelly!
No target in view!
No target in view!
There is a stone staircase leading up here.
An orc priest comes into view. It is wielding a +0 dagger.
The orc priest shouts!
You hear a shout!
You throw a poisoned dart. The poisoned dart hits the orc priest.
The orc priest looks encouraged for a moment.
You throw a poisoned dart.
The poisoned dart barely misses the orc priest.
An orc priest comes into view. It is wielding a +0 club.
An orc comes into view. It is wielding a +0 trident.
An orc comes into view. It is wielding a +0 short sword.
You throw a poisoned dart.
The poisoned dart barely misses the orc priest.
The poisoned dart hits the orc priest.
The orc priest is poisoned.
The orc priest invokes the aid of Beogh against you.
Beogh smites you! As you open the door, it creaks loudly!
The orc priest calls down the wrath of Beogh upon you.
Beogh smites you!
The orc priest closely misses Hrothgar.
Hrothgar hits the orc priest.
Hrothgar hits the orc priest but does no damage.
The orc priest invokes the aid of Beogh against you.
Beogh smites you!
* * * LOW HITPOINT WARNING * * *
The orc priest looks more healthy.
The orc priest mumbles some strange prayers to Beogh against you.
Pain shoots through your body!
* * * LOW HITPOINT WARNING * * *
The orc misses Hrothgar.
The orc hits Hrothgar but does no damage.
Hrothgar hits the orc.
The orc hits Hrothgar with a +0 short sword.
Something barely misses Hrothgar.
The orc priest mumbles some strange prayers to Beogh against you.
Beogh smites you!
You die...

#.# ###### ### ###+######.##
#..... ....#...........#
#.....
.((.R...>..###..#########.....
...o.o.oR....#..........#.....
......#'#.#..#................
........#.o..<................
....#####.#.##..#.............
.............@..#.............
........................#.....
. ............................
....................>.......
..##...##......#####.#..#... .
#.......#########.##.#...
.........#.........##.#...
.........#..........#.....
...............#.....


You could see the friendly Hrothgar the ancestor, an orc priest and an orc.

Vanquished Creatures
  Pikel (D:5)
  A black bear (D:4)
  An ice beast (D:4)
  2 necrophages (D:4)
  A centaur (D:5)
  2 lemures (D:5)
  A scorpion (D:5)
  A bullfrog (D:5)
  2 hounds (D:5)
  2 jellies
  2 orc priests (D:3)
  Terence (D:3)
  An orc wizard (D:3)
  2 adders
  An ufetubus (D:5)
  An adder skeleton (D:5)
  3 worms
  4 dart slugs
  7 orcs
  2 bats
  11 endoplasms
  4 giant cockroaches
  11 goblins
  8 hobgoblins
  A jackal (D:3)
  4 quokkas
  4 ball pythons
  3 frilled lizards
  11 kobolds
  6 rats
101 creatures vanquished.

Vanquished Creatures (collateral kills)
  A centaur zombie (D:6)
  An ice beast (D:6)
  A lemure (D:5)
  A hound (D:5)
  A centaur skeleton (D:5)
  A bullfrog skeleton (D:5)
  A hound zombie (D:5)
  An adder zombie (D:5)
  An orc (D:5)
9 creatures vanquished.

Vanquished Creatures (others)
  25 plants (D:4)
25 creatures vanquished.

Grand Total: 135 creatures vanquished

Notes
Turn   | Place    | Note
-------+----------+-------------------------------------------
     0 | D:1      | Ayyar the Gargoyle Fighter began the quest for the Orb.
     0 | D:1      | Reached XP level 1. HP: 14/14 MP: 1/1
   343 | D:1      | Reached XP level 2. HP: 19/19 MP: 2/2
   391 | D:1      | Found a faded altar of an unknown god.
  1010 | D:1      | Reached XP level 3. HP: 23/23 MP: 3/3
  2269 | D:3      | Reached XP level 4. HP: 27/29 MP: 4/4
  2280 | D:3      | Reached XP level 5. HP: 13/33 MP: 5/5
  2576 | D:3      | Found a sacrificial altar of Ru.
  2814 | D:3      | Noticed Terence
  2822 | D:3      | Killed Terence
  2900 | D:3      | Found a hazy altar of Hepliaklqana.
  2909 | D:3      | Became a worshipper of Hepliaklqana the Forgotten
  3049 | D:3      | Found an iron altar of Okawaru.
  3055 | D:3      | Found a hide-covered altar of Uskayaw.
  3364 | D:4      | Noticed a black bear
  3365 | D:4      | Noticed a necrophage
  3380 | D:4      | Killed a black bear
  3381 | D:4      | Reached skill level 1 in Throwing
  3381 | D:4      | Reached XP level 6. HP: 31/39 MP: 6/6
  3401 | D:5      | Entered Level 5 of the Dungeon
  3688 | D:4      | Found an ancient bone altar of Kikubaaqudgha.
  3701 | D:4      | Found an ornate altar of the Wu Jian Council.
  3770 | D:4      | Found a staircase to the Ecumenical Temple.
  3795 | D:4      | Noticed an ice beast
  3923 | D:4      | Noticed a necrophage
  3934 | D:4      | Killed a necrophage
  4033 | D:4      | Reached XP level 7. HP: 33/44 MP: 7/7
  4046 | D:4      | Reached skill level 5 in Fighting
  4046 | D:4      | Reached skill level 5 in Armour
  4046 | D:4      | Reached skill level 5 in Shields
  4597 | D:5      | Reached * piety under Hepliaklqana
  5971 | D:5      | Reached XP level 8. HP: 25/45 MP: 8/8
  6142 | D:6      | Reached ** piety under Hepliaklqana
  6154 | D:5      | Reached skill level 5 in Maces & Flails
  6258 | D:6      | Noticed Pikel
  6277 | D:5      | Killed Pikel
  6287 | D:6      | Reached XP level 9. HP: 14/50 MP: 9/9
  6715 | D:6      | Killed from afar by an orc priest

Illustrated notes

Levels and vault maps discovered:
D:1:      dpeg_arrival_boxes_within_box, layout_rooms,
          hellmonk_ecumenical_altar_run_dry
D:2:      layout_loops_ring
D:3:      layout_loops_ring, minitemple, nicolae_hepliaklqana_hazy_memory,
          nicolae_ru_great_annihilating_truth, uniq_terence
D:4:      layout_loops_ring, mainiacjoe_overflow_large_starburst,
          minmay_temple_entry_large_hall, chequers_serial_rivers_micro_a,
          st_stairs_5, columned_hall_lemuel, lexackson_kobold_supper
D:5:      layout_layer_cave
D:6:      layout_basic, mainiacjoe_overflow_concentric_impassable, serial_shops,
          nicolae_stop_n_shop_1, uniq_pikel

Skill      XL: |  1  2  3  4  5  6  7  8 |
---------------+-------------------------+-----
Fighting       | 4 5 6 |  6.5
Armour         | 4 5 6 |  6.4
Shields        | 4 5 6 |  6.3
Maces & Flails | 3 4 6 |  6.6
Throwing       | 1 2 3 |  3.8

Action                   |  1- 3 |  4- 6 |  7- 9 || total
-------------------------+-------+-------+-------++-------
Melee: Flail             |   130 |   125 |    61 ||   316
       Morningstar       |       |       |    60 ||    60
       Whip              |       |       |     4 ||     4
Throw: Dart              |       |    22 |     9 ||    31
  Use: Potion            |       |     1 |     1 ||     2
 Stab: Paralysed         |       |     1 |       ||     1
       Distracted        |       |       |     2 ||     2
Armor: Scale mail        |    73 |    24 |       ||    97
       Chain mail        |       |    37 |   126 ||   163
Dodge: Dodged            |    40 |    34 |    55 ||   129
Block: Kite shield       |    62 |    74 |    90 ||   226
